[Event "*** SCC Grand Prix: Titled Tuesday Blitz"]
[Site "Chess.com"]
[Date "2020.06.02"]
[Round "5"]
[White "DDTerziev04"]
[Black "H16"]
[Result "0-1"]
[WhiteElo "2240"]
[BlackElo "2509"]
[TimeControl "180+1"]
[EndTime "10:59:25 PDT"]
[Termination "H16 won by resignation"]

1. e4 c5 2. Nf3 d6 3. d4 cxd4 4. Qxd4 Nf6 5. Qe3 g6 6. h3 Bg7 7. Be2 Nc6 8. O-O O-O 9. c4 Re8 10. Rd1 Bd7 11. Nc3 a6 12. Rb1 Qb8 13. b3 Be6 14. Bb2 Bc8 15. Na4 Nd7 16. Bxg7 Kxg7 17. Nc3 Nf6 18. Rd2 Be6 19. Rbd1 Ne5 20. Nd5 Nxf3+ 21.
Bxf3 Bxd5 22. exd5 Qc7 23. Be2 a5 24. a4 b6 25. Bd3 Qc5 26. Qf3 Ra7 27. Bc2 Nd7 28.
Re2 Qc7 29. Rde1 Nc5 30. Qc3+ Kg8 31. h4 e5 32. dxe6 Rxe6 33. h5 Qe7 34. h6 Qf8 35.
Qh3 Rae7 36. Rxe6 Rxe6 37. Rxe6 fxe6 38. Qe3 Kf7 39. Qf4+ Ke7 40. Qg5+ Qf6 41. Qxf6+ Kxf6 42. f3 Kg5 43. Kf2 Kxh6 44. Ke3 Kg5 45. g4 e5 46. Kf2 h5 47. gxh5 gxh5 48. Kg3 Ne6 49. Bd1 Nd4 50. Kh3 Kf4 51. Kh4 Nxf3+ 52. Kxh5 Nd4 53. Kg6 Ke3 54. Kf6 Kd2 55. Bh5 e4 56.
Ke7 Kc3 57. Kxd6 Nxb3 58. Kc6 Kb4 59. Kxb6 Nc5 60. Bd1 e3 61. Kc6 Kxc4 62. Kb6 Kb4 63.
Kc6 Nxa4 64. Kd5 Nc3+ 0-1

[Event "*** SCC Grand Prix: Titled Tuesday Blitz"]
[Site "Chess.com"]
[Date "2020.06.02"]
[Round "5"]
[White "Nara_Kh"]
[Black "LizaSolovyova"]
[Result "0-1"]
[WhiteElo "2322"]
[BlackElo "2496"]
[TimeControl "180+1"]
[EndTime "10:59:26 PDT"]
[Termination "LizaSolovyova won on time"]

1. e4 e5 2. Nf3 d6 3. d4 Qe7 4.
Nc3 c6 5. Be2 h6 6. O-O Nf6 7. Re1 Qc7 8. h3 g5 9. Nh2 Be7 10. Ng4 Nbd7 11. Ne3 Nf8 12. Nf5 Bxf5 13. exf5 O-O-O 14. a4 a5 15. Be3 N8d7 16. d5 Nc5 17.
Rb1 Nfd7 18. b4 axb4 19. Rxb4 Qa5 20. Qb1 Bf6 21. Bf3 e4 22. Nxe4 Nxe4 23. Bxe4 Bc3 24. Rxb7 c5 25. Rd1 Bb4 26. Rb5 Qxa4 27. c4 Ne5 28. Bc2 Qa6 29. Bb3 Kd7 30. Qb2 Ra8 31. f4 gxf4 32. Bxf4 f6 33. Qf2 Rhg8 34. Kh1 Ra7 35. Bxe5 dxe5 36. d6 Qc6 37. Rg1 Ra3 38. Rb1 Qe4 39. Rb2 Ra1+ 40. Kh2 Rxg2+ 41. Qxg2 Qf4+ 42.
Qg3 Rh1+ 43. Kxh1 Qxg3 44. Ba4 Qxh3+ 45. Kg1 Qe3+ 46. Kh1 Kxd6 47. Rb6+ Kc7 48. Rc6+ Kb7 49. Rg2 Qh3+ 50. Kg1 Qe3+ 51. Kh1 Qe4 52. Kh2 Qxc6 0-1

[Event "*** SCC Grand Prix: Titled Tuesday Blitz"]
[Site "Chess.com"]
[Date "2020.06.02"]
[Round "5"]
[White "Nafania1"]
[Black "gui_borba"]
[Result "0-1"]
[WhiteElo "2427"]
[BlackElo "2322"]
[TimeControl "180+1"]
[EndTime "10:59:27 PDT"]
[Termination "gui_borba won by checkmate"]

1. e4 c6 2. d4 d5 3. exd5 cxd5 4. Bd3 Nc6 5. c3 Nf6 6. h3 g6 7.
Nf3 Bf5 8. Be2 Bg7 9. O-O O-O 10. Bf4 Ne4 11. Nbd2 f6 12. Nxe4 Bxe4 13. Nd2 Bf5 14. Qb3 e5 15. Be3 Rb8 16. dxe5 fxe5 17. Bf3 Be6 18. Rad1 Qd7 19. Bc5 Rf7 20. Bg4 Bxg4 21.
hxg4 Rd8 22. Nf3 e4 23. Ng5 Rf4 24. f3 exf3 25. Nxf3 Qf7 26. Ng5 Rxf1+ 27. Rxf1 Qe8 28. Qxb7 h6 29. Nf7 Rb8 30. Qc7 Rc8 31. Qb7 Rb8 32. Nd6 Rxb7 33. Nxe8 Rxb2 34. Nxg7 Kxg7 35. c4 dxc4 36.
Rc1 Rxa2 37. Rxc4 Ra6 38. g3 Kf7 39. Rf4+ Ke6 40. Rf8 Ne5 41. g5 hxg5 42. Kg2 Kd5 43. Be3 g4 44. Bf4 Ra2+ 45. Kf1 Nf3 46. Rd8+ Ke4 47. Re8+ Kd3 48. Rd8+ Ke4 49. Re8+ Kf5 50. Rf8+ Ke6 51. Re8+ Kf7 52. Rb8 a5 53. Rb7+ Ke6 54. Rb6+ Kf5 55. Rb5+ Ke4 56. Rb6 Ra1+ 57. Ke2 Nd4+ 58.
Kd2 Ra2+ 59. Kc3 Rc2# 0-1

[Event "*** SCC Grand Prix: Titled Tuesday Blitz"]
[Site "Chess.com"]
[Date "2020.06.02"]
[Round "5"]
[White "Kaua18"]
[Black "rugbyclub"]
[Result "0-1"]
[WhiteElo "2319"]
[BlackElo "2121"]
[TimeControl "180+1"]
[EndTime "10:59:27 PDT"]
[Termination "rugbyclub won by resignation"]

1. e4 e5 2. Nf3 Nc6 3. Bb5 a6 4.
Ba4 Nf6 5. O-O Be7 6. Re1 b5 7.
Bb3 O-O 8. a4 b4 9. a5 d5 10.
exd5 Nxd5 11. Nxe5 Nxe5 12. Rxe5 Bb7 13. d3 Kh8 14.
Nd2 c6 15. Nf3 Bd6 16. Re1 c5 17. Bg5 Qc7 18. Bh4 Nf4 19. Bg3 Rfe8 20. Qd2 Bxf3 21. gxf3 g5 22. Re4 Qd7 23. Qd1 h5 24. Qf1 h4 25.
Bxf4 Bxf4 26. Rae1 Kg7 27. Qg2 f5 28. Be6 Qd6 29.
Bxf5 Rxe4 30. Bxe4 Re8 31. h3 Qf6 32. Qg4 Re7 33.
Kg2 Qxb2 34. Qf5 Qf6 35. Qxc5 Bd6 36. Qf5 Qxf5 37. Bxf5 Rxe1 38. f4 Bxf4 39. d4 Rd1 40.
Bd3 Kf7 41. Bc4+ Ke7 42. d5 Kd6 43. Kf3 Rxd5 44. Bxa6 Rxa5 45. Bc4 Rc5 46. Bb3 Ke5 47. Kg4 Rc3 48. f3 Kd4 49. Ba4 Ke3 50. Bb3 Kd2 51. Ba4 Rxc2 52. Bxc2 Kxc2 0-1

[Event "*** SCC Grand Prix: Titled Tuesday Blitz"]
[Site "Chess.com"]
[Date "2020.06.02"]
[Round "5"]
[White "Virgo15"]
[Black "wild_cat99"]
[Result "1-0"]
[WhiteElo "2755"]
[BlackElo "2572"]
[TimeControl "180+1"]
[EndTime "10:59:28 PDT"]
[Termination "Virgo15 won by resignation"]

1. d4 Nf6 2. Bf4 g6 3. Nc3 d5 4. Qd2 c6 5. Bh6 Bf5 6. Bxf8 Rxf8 7. f3 Nbd7 8. e3 Qc7 9. Nge2 Nb6 10. g4 Bd7 11. Ng3 O-O-O 12. a4 e5 13. a5 Nc4 14.
Bxc4 dxc4 15. a6 b5 16. g5 exd4 17. Qxd4 Nd5 18. Nxd5 cxd5 19. O-O Bh3 20. Rfe1 Kb8 21. b4 Rd6 22. Ra5 Qc6 23. Qf4 Ka8 24. Rxb5 h6 25. Rc5 Qxa6 26. Ra5 Qb6 27. Rea1 Rd7 28. gxh6 f6 29. Ra6 g5 30. Qd4 Qxd4 31. exd4 Rh7 32. b5 Bc8 33. Rd6 Rxh6 34. b6 a6 35. Rxd5 Bb7 36.
Rd7 Rfh8 37. Nf1 f5 38. Rb1 Bxf3 39. d5 Kb8 40. Rb4 Kc8 41. Rc7+ Kb8 42. d6 Rxd6 43. Rbxc4 Rxb6 44. Rf7 Rbh6 45. Rxf5 Bb7 46. Rb4 g4 47.
Rf7 R6h7 48. Rbxb7+ Kc8 49. Rxh7 Rxh7 50. Rxh7 1-0

[Event "*** SCC Grand Prix: Titled Tuesday Blitz"]
[Site "Chess.com"]
[Date "2020.06.02"]
[Round "5"]
[White "VMikhalevski"]
[Black "Natalya_Buksa"]
[Result "1/2-1/2"]
[WhiteElo "2739"]
[BlackElo "2577"]
[TimeControl "180+1"]
[EndTime "10:59:28 PDT"]
[Termination "Game drawn by agreement"]

1. Nf3 d5 2. c4 e6 3. b3 Nf6 4. g3 Be7 5. Bg2 c5 6. O-O O-O 7. Bb2 Nc6 8. e3 b6 9. Nc3 dxc4 10. Ne5 Nxe5 11. Bxa8 Ba6 12. Bg2 cxb3 13. axb3 Bxf1 14. Bxf1 a5 15. Nb5 Nd3 16. Bc3 Ne4 17. f4 Bf6 18.
Qc2 Nxc3 19. dxc3 Nb4 20. Qc1 Nd5 21. e4 Nxc3 22. e5 Nxb5 23. Bxb5 Qd4+ 24. Kg2 Be7 25. Ra2 Rd8 26. Re2 h5 27. h4 Qd1 28. Qxd1 Rxd1 29.
Kf3 Kf8 30. Re3 Bd8 31. Rd3 Rxd3+ 32. Bxd3 Ke7 33. Bb5 f6 34. Ke4 Bc7 35. Bc4 fxe5 36. fxe5 Bd8 37. Bb5 Kf7 38. Kf4 Be7 39. Bc4 Bf8 40.
Bb5 Be7 41. Bc4 Bd8 42. Bd3 Ke7 43. Bb5 Bc7 44. Ke4 Bb8 45. Kf4 Bc7 46. Ke4 Bd8 47. Kf4 Kf7 48. Be2 g6 49. Bc4 Be7 50. Be2 c4 51. Bxc4 Bb4 52. Bd3 Bd2+ 53. Kf3 g5 54. hxg5 Bxg5 55. Bc4 Ke7 56. Ke4 Bd2 57. Kf3 Be1 58.
Bb5 Kd8 59. Bc4 Kd7 60. Bb5+ Ke7 61. Bc4 Bc3 62. Ke4 Bd2 63. Bb5 Bg5 64. Be2 h4 65. gxh4 Bxh4 66. Bb5 Be1 67. Bc4 Bc3 68. Bb5 Kd8 69. Bc4 Kd7 70. Bb5+ Ke7 71. Bc4 Bb2 72. Bb5 Kf7 1/2-1/2

[Event "*** SCC Grand Prix: Titled Tuesday Blitz"]
[Site "Chess.com"]
[Date "2020.06.02"]
[Round "5"]
[White "Drags95"]
[Black "sunofadawn"]
[Result "1/2-1/2"]
[WhiteElo "2658"]
[BlackElo "2379"]
[TimeControl "180+1"]
[EndTime "10:59:28 PDT"]
[Termination "Game drawn - insufficient material"]

1. e4 e5 2. Nf3 Nc6 3. Bb5 a6 4. Ba4 Nf6 5. O-O Nxe4 6. d4 Be7 7. dxe5 Nc5 8. Bxc6 dxc6 9. Qe2 Bg4 10. Rd1 Qc8 11. h3 Bh5 12. Nc3 O-O 13. g4 Bg6 14. Nd4 f6 15. e6 f5 16. gxf5 Bxf5 17. Re1 Qe8 18.
Nxf5 Rxf5 19. b4 Qg6+ 20. Qg4 Qf6 21. bxc5 Qxc3 22. Bb2 Qxb2 23. Qxf5 Rf8 24. Qe4 Qf6 25. f4 Bxc5+ 26. Kg2 Qh4 27. Rf1 Rf6 28. Rf3 Rg6+ 29. Kh1 Rg3 30. Rxg3 Qxg3 31. Qd3 Qxf4 32. Rf1 Qd6 33.
Qxd6 Bxd6 34. Rf7 b5 35. Kg2 a5 36. Kf3 c5 37. Ke4 a4 38. Kd5 c4 39. Kc6 b4 40.
Kd5 b3 41. axb3 cxb3 42. cxb3 axb3 43. Rf3 b2 44. Rb3 g5 45. Rxb2 Kg7 46. Rf2 h5 47.
Kc6 g4 48. hxg4 hxg4 49. Kd7 Kg6 50. e7 Bxe7 51. Kxe7 Kg5 52. Ke6 g3 53. Rf8 Kg4 54. Ke5 g2 55. Ke4 Kg3 56. Rg8+ Kf2 57. Rf8+ Ke2 58.
Rg8 Kf2 59. Rxg2+ Kxg2 60. Kd5 c5 61. Kxc5 1/2-1/2

[Event "*** SCC Grand Prix: Titled Tuesday Blitz"]
[Site "Chess.com"]
[Date "2020.06.02"]
[Round "5"]
[White "DenLaz"]
[Black "Sam_ChessMood"]
[Result "0-1"]
[WhiteElo "2629"]
[BlackElo "2847"]
[TimeControl "180+1"]
[EndTime "10:59:29 PDT"]
[Termination "Sam_ChessMood won by resignation"]

1. d4 Nf6 2. c4 e6 3. Nf3 d5 4. Nc3 Be7 5. Bg5 h6 6. Bxf6 Bxf6 7. e3 O-O 8. Rc1 dxc4 9. Bxc4 Nd7 10. O-O c5 11.
Ne4 cxd4 12. Nxf6+ Nxf6 13. Qxd4 Qxd4 14. Nxd4 Bd7 15. Bb5 Rfc8 16. Bxd7 Nxd7 17. Nb5 Nf6 18. f3 Ne8 19. e4 Kf8 20. Kf2 Ke7 21. Ke3 a6 22.
Nd4 Nd6 23. b3 Nb5 24. a4 Nxd4 25. Kxd4 Rd8+ 26. Ke3 Rd7 27. Rc3 Rad8 28. Rf2 Rd1 29. Rfc2 Rb1 30. f4 g5 31. fxg5 hxg5 32. Kf3 Kf6 33. Re2 Rdd1 34. e5+ Kf5 35. Kg3 Kg6 36. Rf3 Re1 37. Ref2 Rxe5 38. Rf6+ Kh5 39. h3 Rxb3+ 40.
Kh2 g4 41. hxg4+ Kxg4 42. R2f4+ Kg5 43. Rxf7 Rf5 44. R4xf5+ exf5 45. a5 Kf4 46. Rd7 Ke5 47.
g3 Rb5 48. Kh3 Ke6 49. Rh7 Kd6 50. Kh4 Kc5 51. Kg5 Kb4 52. Rf7 Kxa5 53. Rxf5 Rxf5+ 54. Kxf5 b5 55. g4 b4 56. g5 b3 57. g6 b2 58. g7 b1=Q+ 59. Kf6 Qb3 0-1

[Event "*** SCC Grand Prix: Titled Tuesday Blitz"]
[Site "Chess.com"]
[Date "2020.06.02"]
[Round "5"]
[White "Konovalova_Vera"]
[Black "NefeLV"]
[Result "0-1"]
[WhiteElo "2144"]
[BlackElo "1773"]
[TimeControl "180+1"]
[EndTime "10:59:29 PDT"]
[Termination "NefeLV won on time"]

1. d4 Nf6 2. Nf3 g6 3. e3 Bg7 4. Bd3 O-O 5. b3 c5 6. Bb2 cxd4 7. exd4 Nc6 8. Nbd2 d5 9. O-O Bg4 10. h3 Bd7 11.
Re1 Rc8 12. c4 dxc4 13. bxc4 Nb4 14. Be2 Bf5 15. Rc1 Nxa2 16. Ra1 Nb4 17. Rxa7 Qb6 18. Qa4 Nc2 19. Rb1 Rfd8 20. Bc3 Qe6 21. Bd1 Ne4 22. Nxe4 Bxe4 23. Bxc2 Bxf3 24. gxf3 Rxc4 25. Bb4 Bxd4 26. Ra8 Rxa8 27. Qxa8+ Kg7 28. Bb3 Qe2 29. Be1 Rc5 30.
h4 Qxf3 31. Qe8 Rh5 32. Qxf7+ Qxf7 33. Bxf7 Kxf7 34. Rxb7 Rxh4 35. Bb4 Bxf2+ 36. Kxf2 Rf4+ 37. Ke3 Rf1 38. Rxe7+ Kf6 39. Rxh7 g5 40. Bc3+ Kg6 41. Rh8 g4 42. Rg8+ Kh5 43. Ke2 Rf3 44. Be5 Rf7 45.
Rh8+ Kg5 46. Rg8+ Kh5 47. Bg3 Rf3 48. Bf2 Rf5 49. Rh8+ Kg5 50. Bh4+ Kf4 51. Rg8 Re5+ 52. Kf2 Rb5 53. Bg3+ Kf5 54. Rf8+ Kg5 0-1

[Event "*** SCC Grand Prix: Titled Tuesday Blitz"]
[Site "Chess.com"]
[Date "2020.06.02"]
[Round "5"]
[White "oneshot007"]
[Black "Mazetovic"]
[Result "0-1"]
[WhiteElo "2421"]
[BlackElo "2641"]
[TimeControl "180+1"]
[EndTime "10:59:30 PDT"]
[Termination "Mazetovic won on time"]

1. e4 c5 2. Nf3 Nc6 3. d4 cxd4 4. Nxd4 g6 5. Nc3 Bg7 6. Be3 Nf6 7. Bc4 Qa5 8. O-O O-O 9. Nb3 Qc7 10. f4 d6 11. Be2 Rd8 12. Bf3 e5 13. Qe1 exf4 14.
Bxf4 Ne5 15. Qh4 Be6 16. Bg5 Nfd7 17. Bxd8 Rxd8 18. Kh1 a6 19. Nd4 Nc5 20. Rad1 Re8 21.
Nxe6 fxe6 22. h3 b5 23. a3 Nc4 24. Rde1 Be5 25. Nd1 Nxb2 26. Nxb2 Bxb2 27. Be2 Be5 28. c4 Qa5 29. cxb5 axb5 30. Rb1 Qxa3 31. Bxb5 Ra8 32.
Bc6 Rc8 33. Rf3 Qa7 34. Rbf1 Qg7 35. Qf2 Qh6 36. Rf7 Nd3 37. Qa7 Nf4 38. Qd7 Rf8 39. Rxf8+ Qxf8 40. g3 Qh6 41. gxf4 Qxh3+ 42. Kg1 Bd4+ 43.
Rf2 Qg3+ 44. Kh1 Qh4+ 45. Kg2 Qxf2+ 46. Kh3 Qf3+ 47. Kh2 Qxf4+ 48. Kg2 Qg5+ 49. Kh3 Be5 50. Qxe6+ Kg7 51. Qd7+ Kh6 52. Qg4 Qe3+ 53. Kg2 Qd2+ 54. Kf3 Qc3+ 55. Ke2 Qxc6 56. Qh4+ Kg7 57. Qe7+ Kg8 58.
Qd8+ Kf7 0-1

[Event "*** SCC Grand Prix: Titled Tuesday Blitz"]
[Site "Chess.com"]
[Date "2020.06.02"]
[Round "5"]
[White "BLITZMASTER"]
[Black "Zurability"]
[Result "0-1"]
[WhiteElo "2518"]
[BlackElo "2718"]
[TimeControl "180+1"]
[EndTime "10:59:32 PDT"]
[Termination "Zurability won on time"]

1. e4 c5 2. Nf3 d6 3. d4 cxd4 4.
Nxd4 Nf6 5. Nc3 a6 6. h3 e5 7.
Nde2 h5 8. Bg5 Be7 9. Ng3 h4 10. Nf5 Bxf5 11. exf5 Nbd7 12. Bc4 Rc8 13. Bb3 Rh5 14.
Bxf6 Nxf6 15. Qf3 Qd7 16. Nd5 Rxf5 17. Nxf6+ Rxf6 18. Qe2 Rg6 19. Qf3 d5 20. O-O-O e4 21. Qh5 Rh6 22. Qxd5 Qxd5 23. Rxd5 Rf6 24. Re5 Rxf2 25.
Rxe4 Kf8 26. Rhe1 Bg5+ 27. Kb1 g6 28. R4e2 Rxe2 29. Rxe2 Rd8 30. c3 Rd7 31. Kc2 Kg7 32. Bc4 f5 33. a4 Kf6 34. Re6+ Kg7 35. Re2 Bf4 36. b4 Bg5 37. a5 Rc7 38. Kb3 Bf6 39. Re6 g5 40. Re3 Kg6 41. Rf3 g4 42. Rf2 Kg5 43.
hxg4 fxg4 44. Rf1 Be5 45. Rc1 Rd7 46. Re1 Kf4 47. Re2 Rd1 48. Be6 Rd3 49. Rc2 Kg3 50. Bc4 Re3 51. Bd5 h3 52. gxh3 gxh3 53. Bxb7 Re1 54.
Bxa6 h2 55. Bb7 Bd6 56. Bc6 Bb8 57. Rg2+ Kh3 58. Rb2 Re6 59. Bd7 h1=Q 60. Bxe6+ Kh4 61. Bc4 Qd1+ 62. Ka3 Be5 63. a6 Bxc3 64. Rh2+ Kg3 65. Re2 Bd2 0-1

[Event "*** SCC Grand Prix: Titled Tuesday Blitz"]
[Site "Chess.com"]
[Date "2020.06.02"]
[Round "5"]
[White "OK97"]
[Black "Haykoooo0o"]
[Result "1-0"]
[WhiteElo "2765"]
[BlackElo "2563"]
[TimeControl "180+1"]
[EndTime "10:59:32 PDT"]
[Termination "OK97 won by checkmate"]

1. e4 e5 2. Nf3 Nc6 3. Bb5 Nf6 4. O-O Nxe4 5. d4 Nd6 6. dxe5 Nxb5 7. a4 Nbd4 8. Nxd4 Nxd4 9. Qxd4 d5 10. Qd3 c6 11.
a5 Be7 12. Qg3 g6 13. Bh6 Bf5 14. Nd2 Bh4 15. Qc3 d4 16. Qb3 Bg5 17. Bxg5 Qxg5 18. Nf3 Qf4 19. Qb4 O-O-O 20. c3 Be4 21. Nxd4 Qxe5 22. a6 c5 23. axb7+ Bxb7 24. Qc4 Qd5 25.
Qxd5 Bxd5 26. Nc2 Kb7 27. Ra5 Kb6 28. Rfa1 Bb7 29. Ne3 a6 30. Nc4+ Kc7 31. Rxc5+ Kb8 32.
f3 Rhe8 33. Kf2 Re7 34. Re1 Rxe1 35. Kxe1 h5 36. h4 Re8+ 37. Kf1 Rd8 38. Ke1 Re8+ 39. Kf2 Rd8 40. Ke3 Re8+ 41. Re5 Rc8 42. Nd6 Rc7 43.
Re8+ Ka7 44. Rf8 Bd5 45. Kd4 Be6 46. c4 Kb6 47. b4 Kc6 48. c5 a5 49. b5+ Kd7 50.
b6 Ke7 51. Ra8 Rd7 52. b7 Rc7 53. b8=Q Rd7 54. Qf8+ Kf6 55. Qh8+ Ke7 56. Re8# 1-0

[Event "*** SCC Grand Prix: Titled Tuesday Blitz"]
[Site "Chess.com"]
[Date "2020.06.02"]
[Round "5"]
[White "ShahMatKanal"]
[Black "Chuchofrio1"]
[Result "1-0"]
[WhiteElo "2470"]
[BlackElo "2273"]
[TimeControl "180+1"]
[EndTime "10:59:33 PDT"]
[Termination "ShahMatKanal won on time"]

1. e4 c5 2. d4 cxd4 3. c3 e5 4. cxd4 exd4 5. Nf3 Nc6 6. Nxd4 Nf6 7. Nc3 Bb4 8. Nxc6 dxc6 9. Qxd8+ Kxd8 10. Bg5 h6 11. O-O-O+ Ke7 12. Bh4 g5 13. Bg3 Be6 14. Bd3 Nh5 15.
Kc2 Nxg3 16. hxg3 h5 17. a3 Bc5 18. f3 Rad8 19. e5 h4 20. g4 Be3 21. Ne4 Rd5 22.
Bc4 Rc5 23. Nxc5 Bxc5 24. Bxe6 Kxe6 25. b4 Be7 26. Rhe1 a6 27. Re2 h3 28. gxh3 Rxh3 29. Rd3 Rh1 30. Kb2 Rf1 31. Rde3 Rd1 32. Kc2 Rf1 33. Rh2 Rg1 34. Rh8 Rg2+ 35. Kb3 c5 36.
Rb8 cxb4 37. axb4 b5 38. Rb6+ Kd5 39. Rxa6 Kd4 40. Re4+ Kd5 41. Ra7 Ke6 42. Ra6+ Kd5 43.
Rb6 Rf2 44. Rxb5+ Kc6 45. Ra5 Rxf3+ 46. Kc4 Kb6 47. Rb5+ Kc6 48. Ra5 Kb6 49. Ra8 Rf1 50. Re8 Rc1+ 51. Kd3 Rc7 52. Rd4 1-0

[Event "*** SCC Grand Prix: Titled Tuesday Blitz"]
[Site "Chess.com"]
[Date "2020.06.02"]
[Round "5"]
[White "ShieldingOff"]
[Black "goldenpuppy"]
[Result "1-0"]
[WhiteElo "2056"]
[BlackElo "2178"]
[TimeControl "180+1"]
[EndTime "10:59:35 PDT"]
[Termination "ShieldingOff won by checkmate"]

1. d4 Nf6 2. c4 e6 3. g3 c5 4. d5 exd5 5. cxd5 d6 6. Nf3 g6 7. Bg2 Bg7 8. O-O O-O 9. Nc3 Re8 10.
e4 Nxe4 11. Nxe4 Rxe4 12. Bg5 Qf8 13. Qd2 Nd7 14. Rfe1 Rxe1+ 15. Rxe1 f6 16. Bf4 Ne5 17. b4 b6 18. bxc5 bxc5 19. Rb1 Bf5 20. Rb7 Rb8 21. Qb2 Rxb7 22. Qxb7 a5 23. Bxe5 fxe5 24. Ng5 Bc8 25. Qc7 h6 26. Ne6 Bxe6 27. dxe6 Bf6 28. Bd5 Qe7 29. Qxa5 Kg7 30. a4 e4 31. Qb5 Bd4 32.
a5 e3 33. fxe3 Bxe3+ 34. Kg2 h5 35. Qd7 Kf6 36. a6 c4 37. Qxe7+ Kxe7 38. Bxc4 Bc5 39. Kf3 Kf6 40. Ke4 Ke7 41. Kd5 Kd8 42. Kc6 Ke7 43. Kb7 d5 44. Bxd5 Kd6 45. Bc4 Bf2 46. a7 Bxa7 47. Kxa7 Ke7 48. Kb7 g5 49. Kc6 h4 50. Kd5 hxg3 51. hxg3 g4 52. Ke5 Ke8 53. Kf4 Ke7 54. Kxg4 Kd6 55. Kf5 Ke7 56. Ke5 Ke8 57.
Kd6 Kd8 58. Bb5 Kc8 59. e7 Kb7 60. e8=Q Kb6 61. Qc6+ Ka5 62. Bd3 Kb4 63. Qc5+ Kb3 64. Qc4+ Kb2 65. Qc2+ Ka3 66. Qc1+ Kb4 67. Kd5 Kb3 68.
Kc5 Ka4 69. Qc2+ Ka3 70. Qc3+ Ka2 71. Qb4 Ka1 72. Bc2 Ka2 73. Qb3+ Ka1 74. Qb1# 1-0

[Event "*** SCC Grand Prix: Titled Tuesday Blitz"]
[Site "Chess.com"]
[Date "2020.06.02"]
[Round "5"]
[White "Bubachess1608"]
[Black "Juanovic"]
[Result "1-0"]
[WhiteElo "2316"]
[BlackElo "2107"]
[TimeControl "180+1"]
[EndTime "10:59:35 PDT"]
[Termination "Bubachess1608 won by resignation"]

1. e4 c5 2. d3 Nc6 3. c3 Nf6 4. f4 d6 5. Nf3 g6 6. g3 Bg7 7. Bg2 O-O 8. O-O Bg4 9. h3 Bxf3 10.
Qxf3 e6 11. Be3 Qc7 12. Nd2 Rac8 13. Bf2 b6 14. g4 d5 15. e5 Nd7 16. Bg3 b5 17. Rae1 a5 18. Qe2 a4 19. Nf3 b4 20.
c4 dxc4 21. dxc4 Nd4 22. Nxd4 cxd4 23. b3 axb3 24. axb3 Nc5 25. Qf3 Rfd8 26. f5 d3 27. Bh4 Nxb3 28. Bxd8 Rxd8 29. Rd1 Bxe5 30. Rxd3 Rxd3 31.
Qxd3 Nc5 32. Qf3 exf5 33. gxf5 b3 34. f6 h5 35. Qa8+ Kh7 36. Qf8 Ne6 37. Qe7 Nf4 38.
Qxc7 Bxc7 39. Rb1 Be5 40. Rxb3 Bxf6 41. Kf1 Bd4 42. Rb7 Kg7 43. Bd5 Nxh3 44. Rxf7+ Kh6 45. Kg2 Ng5 46. Rf8 h4 47. Rf4 Be5 48. Rxh4+ Kg7 49. Rh1 Kf6 50. Re1 Bd6 51. Re8 Bc5 52. Rc8 Bd4 53. c5 Ke5 54. Bf3 Ne6 55. c6 Kd6 56. Rg8 g5 57. Kh3 Kc7 58. Kg4 Kd6 59. Rg6 Ke7 60. Bd5 Be5 1-0

[Event "*** SCC Grand Prix: Titled Tuesday Blitz"]
[Site "Chess.com"]
[Date "2020.06.02"]
[Round "5"]
[White "Tormoz"]
[Black "atwalcb"]
[Result "0-1"]
[WhiteElo "2647"]
[BlackElo "2385"]
[TimeControl "180+1"]
[EndTime "10:59:36 PDT"]
[Termination "atwalcb won on time"]

1. d4 d6 2. Nf3 Bg4 3. c4 Bxf3 4. exf3 g6 5. Nc3 Bg7 6. Be3 Nf6 7. Be2 O-O 8. O-O c6 9. d5 Na6 10. f4 Nc7 11. Bf3 c5 12. g4 a6 13. Rc1 b5 14. b3 Nd7 15. Be2 Qb8 16. h4 f5 17.
h5 fxg4 18. hxg6 hxg6 19. Bd3 b4 20. Ne4 Nf6 21. Ng5 Qe8 22. Qc2 e5 23. Bxg6 Qe7 24.
f5 Bh6 25. Qd2 Qg7 26. Kg2 Bxg5 27. Bxg5 Ne4 28. Qe3 Nxg5 29. Qxg5 Ne8 30. Rh1 Nf6 31. Rh6 Ne4 32. Qe3 Nf6 33. Rch1 Ra7 34. Bh5 Nxh5 35. R1xh5 Rf6 36. Rxf6 Qxf6 37. Qg3 Rg7 38. Qh2 Kf7 39.
Qg3 e4 40. Qf4 Qe5 41. Qxe5 dxe5 42. Kg3 Kf6 43. Rh6+ Kxf5 44. Rxa6 Rh7 45. Ra8 Rh3+ 46. Kg2 e3 47. Rf8+ Ke4 48. fxe3 Rxe3 49. Rf2 Rd3 50. Re2+ Kf4 51. Rf2+ Ke4 52. Rc2 Kf4 53. Re2 e4 54. Kf2 e3+ 55. Kg2 Rd1 56. d6 Rxd6 57. Kf1 Rd1+ 58.
Re1 Rd2 0-1

[Event "*** SCC Grand Prix: Titled Tuesday Blitz"]
[Site "Chess.com"]
[Date "2020.06.02"]
[Round "5"]
[White "Jojo_1608"]
[Black "ZEN-22"]
[Result "1-0"]
[WhiteElo "2175"]
[BlackElo "2356"]
[TimeControl "180+1"]
[EndTime "10:59:36 PDT"]
[Termination "Jojo_1608 won by resignation"]

1. d4 Nf6 2. c4 d6 3. Nc3 Bf5 4. g3 e5 5. Bg2 exd4 6. Bxb7 dxc3 7. Bxa8 c6 8. bxc3 Nfd7 9. Be3 Nb6 10. Bxb6 axb6 11.
Nf3 Qc7 12. Nd4 Bd7 13. O-O Be7 14. a4 O-O 15. a5 bxa5 16. Qa4 Bd8 17. Rab1 Na6 18.
Bxc6 Nc5 19. Qb5 Bh3 20. Rfd1 Bf6 21. Bg2 h5 22. Bxh3 g6 23. Qc6 Qe7 24. Nb5 Qxe2 25. Bg2 Nd3 26. Rf1 Ne5 27. Qxd6 Kg7 28. Nd4 Qxc4 29.
Qd5 Qxc3 30. Rfc1 Qd2 31. Rd1 Qc3 32. Rbc1 Qb2 33. Qxa5 Nd3 34. Rxd3 Qxc1+ 35. Bf1 Rd8 36. Qd2 Qxd2 37. Rxd2 Rxd4 38. Rb2 Rd1 39. Rb7 Bd4 40. Kg2 Rd2 41. Bc4 Rxf2+ 42. Kh3 h4 43. Kxh4 Be5 44.
Kg4 Rxh2 45. Rxf7+ Kh6 46. Re7 Rg2 47. Rxe5 Rc2 48.
Bd3 Rc3 49. Be4 g5 50. Re6+ Kg7 51. Rg6+ Kf7 52. Rxg5 Kf6 53. Rf5+ Ke6 54. Rf4 Rc4 55. Bf5+ Kd5 56. Rxc4 Kxc4 57. Kg5 Kd5 58. Kf6 Kd6 59. g4 1-0

[Event "*** SCC Grand Prix: Titled Tuesday Blitz"]
[Site "Chess.com"]
[Date "2020.06.02"]
[Round "5"]
[White "dopolian"]
[Black "XxPetroffsxX"]
[Result "1-0"]
[WhiteElo "2320"]
[BlackElo "2054"]
[TimeControl "180+1"]
[EndTime "10:59:36 PDT"]
[Termination "dopolian won on time"]

1. Nf3 d5 2. c4 e6 3. g3 Nf6 4.
Bg2 Be7 5. O-O O-O 6. b3 a5 7. a3 a4 8. b4 dxc4 9. Qc2 b5 10. Ne5 Ra6 11. Nc3 Rb6 12. Rd1 Bb7 13. Bb2 Bxg2 14. Kxg2 Nbd7 15. Nxd7 Nxd7 16. Ne4 Qa8 17. f3 f5 18. Qc3 Nf6 19. Nf2 Ne8 20. Rac1 Bf6 21. Qc2 Bxb2 22. Qxb2 Nd6 23. Qe5 Qd5 24. Qe3 f4 25.
gxf4 Nf5 26. Qe5 Nd4 27. Qxd5 exd5 28. e3 Nb3 29. Rc2 Rg6+ 30. Kf1 d4 31. Ne4 d3 32.
Rc3 Rf5 33. Ng3 Rf8 34. f5 Rh6 35. Kg2 g6 36. e4 gxf5 37. Nxf5 Rg6+ 38. Kf2 Kf7 39.
Ne3 Rfg8 40. Nd5 Rg2+ 41. Ke3 Re2+ 42. Kf4 Ke6 43. Nxc7+ Kd7 44. Nxb5 Rf8+ 45. Kg3 Nxd2 46. Nd4 Rg8+ 47. Kf4 Rxh2 48. Rxd2 Rxd2 49. Rxc4 Rf8+ 50. Ke3 Rd1 51. Rc3 d2 52. Rd3 Re1+ 53. Kxd2 1-0

[Event "*** SCC Grand Prix: Titled Tuesday Blitz"]
[Site "Chess.com"]
[Date "2020.06.02"]
[Round "5"]
[White "Riptide27"]
[Black "Kobalia"]
[Result "1/2-1/2"]
[WhiteElo "2602"]
[BlackElo "2768"]
[TimeControl "180+1"]
[EndTime "10:59:37 PDT"]
[Termination "Game drawn - insufficient material"]

1. d4 d5 2. c4 c6 3. cxd5 cxd5 4. Nc3 e6 5. Bf4 Bd6 6. Bxd6 Qxd6 7. e3 Ne7 8. f4 Nbc6 9. Nf3 O-O 10. Bd3 Bd7 11. O-O Rfc8 12. Rc1 Be8 13. a3 f6 14. Qc2 Bg6 15.
Bxg6 Nxg6 16. b4 a5 17. b5 Nce7 18. Qb3 Nf5 19. Rfe1 a4 20. Qa2 Rc7 21. e4 Nfe7 22.
exd5 Nxf4 23. b6 Rcc8 24. Nb5 Qxd5 25. Qxd5 Nexd5 26. Nc7 Nxc7 27. Rxc7 Rxc7 28. bxc7 Rc8 29. g3 Nd5 30. Rxe6 Rxc7 31. Rd6 Rc1+ 32. Kf2 Rc2+ 33. Ke1 Ne3 34. Rd8+ Kf7 35. Rd7+ Kg6 36. Rxb7 Ra2 37. Nh4+ Kh6 38. d5 Nxd5 39. Nf5+ Kg5 40. Nd4 Rxa3 41. Rb5 Re3+ 42. Kd2 Re5 43. Nf3+ Kf5 44. Nxe5 Kxe5 45. Rb7 a3 46. Kc2 a2 47. Kb2 g5 48. Rxh7 f5 49.
Kxa2 f4 50. gxf4+ gxf4 51. Kb2 Ke4 52. Kc2 Kf3 53. Kd2 Ne3 54. Rg7 Kf2 55. h4 Nf5 56. Rf7 Nxh4 57. Rxf4+ Nf3+ 58. Rxf3+ Kxf3 1/2-1/2